cohdb
Replays
Latest Replays
All Replays
Popular Replays
Top Player Replays
Match Explorer
How It Works
Community
CoH3 Stats
Reddit
Sign in to upload your games and track your stats! →
Sign in with Steam
Match 41759483
Unlisted
Match 41759483
Overview
Messages
Build Orders
End
Construct Barracks
Riflemen Squad
1⁄4-ton 4x4 Truck
Riflemen Squad
Riflemen Squad
Grenade Package
Infantry Support Center
Construct Medical Station
Construct Motor Pool
M8 Greyhound Armored Car
Engineer Squad
M1918 Browning Automatic Rifles
Construct Weapon Support Center
Bazooka Squad
M24 Chaffee Light Tank
Selects Special Operations Battlegroup
Selects M29 Weasel with M1 Pack Howitzer
M29 Weasel with M1 Pack Howitzer
Selects Smoke Screen
Smoke Screen
M1 Anti-tank Gun Team
Construct Tank Depot
Selects P-47 Anti-Infantry Loiter
Selects UNKNOWN (2162291)
Selects SSF Commando Squad
M4A1 Sherman Whizbang
HulkSMASH
⚓️Ruby⚓
Axis unplayable
[82AD] Janko
0
0
Comments
sign in to comment!
No comments posted yet!